Match 47177306
Unlisted

Match 47177306
End
Construct Weapon Support Center
Construct Barracks
Selects Airborne Battlegroup
Selects Heavy Machine Gun Paradrop
Heavy Machine Gun Paradrop
Riflemen Squad
M1 Mortar Team
Riflemen Squad
Heavy Machine Gun Paradrop
Construct Medical Station
Grenade Package
Heavy Machine Gun Paradrop
Air Support Center
Selects Paratrooper Squad Paradrop
Construct Motor Pool
P-47 Strafing Run
M24 Chaffee Light Tank
M24 Chaffee Light Tank
Selects Anti-tank Gun Team Paradrop
P-47 Strafing Run
P-47 Dive Bomb
Engineer Squad
Anti-tank Gun Team Paradrop
Selects Recon Loiter
Selects Supply Drop
P-47 Strafing Run
M24 Chaffee Light Tank
M24 Chaffee Light Tank
P-47 Dive Bomb
Anti-tank Gun Team Paradrop
P-47 Strafing Run
P-47 Dive Bomb
Anti-tank Gun Team Paradrop
P-47 Strafing Run
Paratrooper Squad Paradrop
P-47 Dive Bomb
Construct Tank Depot
M4(105) Sherman Bulldozer
Selects Carpet Bombing Run
P-47 Dive Bomb
M18 Hellcat Tank Destroyer
Construct Weapon Support Center
Peter
BULK BOGAN
wink
总座高见
King sky
FullMetalDesa
Base rush noobs #
vincent
0
0

Comments sign in to comment!

No comments posted yet!